 Dungeon Crawl Stone Soup version 0.30.1-3-gfc49f6343a (webtiles) character file.

Game seed: 12683026318964174578

205 croobank the Sneak (level 5, -2/37 HPs)
             Began as an Octopode Delver on July 28, 2023.
             Succumbed to a scorpion's poison
             ... on level 5 of the Dungeon.
             The game lasted 00:02:18 (335 turns).

croobank the Sneak (Octopode Delver)                 Turns: 335, Time: 00:02:19

Health: -2/37      AC:  1    Str: 11 (12) XL:     5   Next: 83%
Magic:  5/5        EV: 13    Int: 13 (14) God:
Gold:   33         SH:  0    Dex: 12 (13) Spells: 4/4 levels left

rFire   . . .        a - +0 short sword
rCold   . . .        (no shield)
rNeg    . . .        (helmet restricted)
rPois   .            (no amulet)
rElec   .            (no ring)
rCorr   .            (no ring)
SInv    .            (no ring)
Will    .....        (no ring)
Stlth   +++++        (no ring)
HPRegen 0.26/turn    (no ring)
MPRegen 0.09/turn    (no ring)
                     (no ring)

%: no passive effects
@: lethally poisoned (-2 -> -15)
A: almost no armour, amphibious, 8 rings, camouflage 1, gelatinous body 1,
(nimble swimmer 1), tentacles
a: no special abilities


You were on level 5 of the Dungeon.
You visited 1 branch of the dungeon, and saw 2 of its levels.

You collected 33 gold pieces.

Inventory:

Hand Weapons
 a - a +0 short sword (weapon)
Wands
 f - a wand of digging (3)
Scrolls
 b - 2 scrolls of fog
 g - a scroll of noise
Potions
 e - a potion of haste


   Skills:
 + Level 4.0 Fighting
 + Level 3.3 Short Blades
 + Level 3.3 Dodging
 + Level 7.7 Stealth


You had 4 spell levels left.
You didn't know any spells.
Your spell library was empty.

Dungeon Overview and Level Annotations

Branches:
Dungeon (6/15)
 Temple: D:4-7

Altars:


Innate Abilities, Weirdness & Mutations

You cannot wear most types of armour.
You are amphibious.
You can wear up to eight rings at the same time.
Your skin changes colour to match your surroundings (Stealth+).
Your rubbery body absorbs attacks. (AC +1, EV +1)
((You are camouflaged when in or above water. (Stealth+)))
You have tentacles for arms and can constrict up to eight enemies at once.


Message History

The scorpion is moderately wounded.
You constrict the scorpion.
You feel sick. The scorpion stings you.
You hit the scorpion.
The scorpion is moderately wounded.
You constrict the scorpion, but do no damage.
You feel sick. The scorpion stings you.
You hit the scorpion but do no damage. You squeeze the scorpion.
The scorpion is heavily wounded.
You constrict the scorpion, but do no damage.
You feel sick. The scorpion misses you.
You hit the scorpion but do no damage.
The scorpion is heavily wounded.
You constrict the scorpion.
You feel sick. The scorpion stings you!
You are more poisoned.
The scorpion poisons you!
You hit the scorpion.
The scorpion is severely wounded.
You constrict the scorpion.
You feel very sick. The scorpion stings you.
You are lethally poisoned!
The scorpion poisons you!
You hit the scorpion.
The scorpion is almost dead.
You constrict the scorpion.
You kill the scorpion!
* * * LOW HITPOINT WARNING * * *
You feel very sick.
Your Fighting skill increases to level 4!
It was a potion of degeneration.
There was something very wrong with that liquid.
You feel weakened.
You feel dopey.
You feel clumsy.
* * * LOW HITPOINT WARNING * * *
You feel very sick.
As you read the scroll labelled ITONEA AMOQASCH, it crumbles to dust.
It is a scroll of identify.
g - a scroll of noise
* * * LOW HITPOINT WARNING * * *
You feel very sick.
You die...

.............#
.............#####
.............'..>#
............[###.#.......
############## #.#....(..
# #.#.....S. #.#.......
#.#....... #@#.......
#####)#.......
#............#
#............#
...............#
.....##.######.# .....
#.# # .... #.. #### #.#


There were no monsters in sight!

Vanquished Creatures
  A water moccasin (D:6)
  A scorpion (D:5)
  An electric eel (D:6)
  An adder (D:6)
  An orc (D:5)
5 creatures vanquished.

Notes
Turn   | Place    | Note
-------+----------+-------------------------------------------
     0 | D:5      | croobank the Octopode Delver began the quest for the Orb.
     0 | D:5      | Reached XP level 1. HP: 16/16 MP: 1/1
    13 | D:6      | Noticed an electric eel
    24 | D:6      | Killed an electric eel
    25 | D:6      | Reached skill level 7 in Stealth
    25 | D:6      | Reached XP level 2. HP: 1/21 MP: 2/2
    25 | D:6      | Reached XP level 3. HP: 2/26 MP: 3/3
   127 | D:6      | Noticed an ice beast
   249 | D:6      | Noticed a water moccasin
   255 | D:6      | Killed a water moccasin
   256 | D:6      | Reached XP level 4. HP: 33/33 MP: 4/4
   256 | D:6      | Reached XP level 5. HP: 37/37 MP: 5/5
   320 | D:5      | Noticed a water moccasin
   334 | D:5      | HP: 1/37 [poisoned by a scorpion]
   335 | D:5      | Succumbed to a scorpion's poison

Illustrated notes

Levels and vault maps discovered:
D:5:      layout_basic, uniq_blork_the_orc, uniq_edmund, uniq_grinder
D:6:      nicolae_cairo_tiling, layout_cave_pods, gup_sewer_entry_spiral,
          chequers_big_river

Skill      XL: |  1  2  3  4  5 |
---------------+----------------+-----
Stealth        | 7 |  7.7
Short Blades   | 3 |  3.3
Dodging        | 3 |  3.3
Fighting       | 4 |  4.0

Action                     |  1- 3 |  4- 6 || total
---------------------------+-------+-------++-------
  Melee: Short sword       |     9 |     9 ||    18
         Constrict         |     1 |     1 ||     2
         Tentacles         |     2 |     3 ||     5
         Punch             |     1 |       ||     1
    Use: Scroll            |     1 |     2 ||     3
         Potion            |       |     1 ||     1
   Stab: Sleeping          |     3 |     1 ||     4
         Distracted        |       |     1 ||     1
  Dodge: Dodged            |     3 |     1 ||     4
